AoeStats
← K

Arena

508905982Analyzed
4v4 RM · 9d ago on Sep 24, 2026· 25m 33s· 8 players
Game mode
Random Map
Map size
Large (8 player)
Population
200
Speed
Normal
Resources
Standard
Victory
Conquest
Starting age
Dark Age
Ending age
Imperial Age
RankedLock teamsTeams togetherTeam positionsShared explorationLock speedFull tech treeHidden civsTurbo modeCheats
Victory
Defeat
🇬🇧 Persians · United Kingdom
1203
+9
🇨🇳 Cumans · China
1070
+24
🇨🇳 Spanish · China
999
+18
🇨🇳 Romans · China
899
+22
🇵🇪 Saracens · Peru
1094
-18
🇹🇼 Danes · Taiwan
1067
-17
🇺🇸 Italians · United States
1007
-15
🇹🇷 Byzantines · Türkiye
982
-14
SAOWEN
8:56 Feudal Age
10:25 Double-Bit Axe
12:00 Horse Collar
17:50 Wheelbarrow
20:48 Castle Age
19:28 Loom
19:56 Stone Mining
20:00 Gold Mining
22:01 Hand Cart
22:22 Gold Shaft Mining
22:00 Bow Saw
21:51 Heavy Plow
23:30 Fletching
23:43 Padded Archer Armor
26:42 Imperial Age
24:32 Fletching
24:58 Leather Archer Armor
25:19 Bloodlines
25:57 Thumb Ring
25:50 Bodkin Arrow
26:17 Ballistics
YuangXue
10:59 Feudal Age
11:42 Double-Bit Axe
14:42 Castle Age
12:26 Horse Collar
16:08 Bow Saw
K
10:33 Feudal Age
15:02 Castle Age
13:20 Double-Bit Axe
16:41 Bow Saw
17:32 Horse Collar
19:01 Gold Mining
打爆你的金针菇
10:18 Feudal Age
11:08 Double-Bit Axe
17:13 Castle Age
15:23 Stone Mining
18:49 Bow Saw
22:13 Horse Collar
23:53 Heavy Plow
24:52 Bow Saw
25:51 Wheelbarrow
25:04 Loom
PERSEUS
4:09 Loom
10:22 Feudal Age
16:31 Castle Age
15:29 Double-Bit Axe
15:26 Horse Collar
17:30 Wheelbarrow
18:54 Bow Saw
21:19 Heavy Plow
即刻救援
10:32 Feudal Age
14:53 Castle Age
12:47 Horse Collar
15:58 Double-Bit Axe
16:53 Bow Saw
16:48 Heavy Plow
20:54 Gold Mining
23:19 Stone Mining
49 Food
5:16 Loom
11:24 Feudal Age
12:22 Horse Collar
12:28 Double-Bit Axe
16:13 Stone Mining
16:30 Gold Mining
19:20 Castle Age
24:50 Imperial Age
24:15 Fletching
24:49 Bow Saw
24:53 Padded Archer Armor
md
10:17 Feudal Age
15:28 Castle Age
13:47 Double-Bit Axe
13:55 Horse Collar
16:24 Bow Saw
22:49 Wheelbarrow
Connection lost

Rejoining the realm…

Still unreachable

The connection could not be restored.

Session expired

The server has moved on; the page needs a fresh start.